 Dungeon Crawl Stone Soup version 0.31-a0-1570-g93c622d222 (webtiles) character file.

Game seed: 208858391997630123

643 pokeman the Thaumaturge (level 7, -5/40 HPs)
             Began as a Deep Elf Hedge Wizard on Jan 4, 2024.
             Killed by divine providence
             ... invoked by an orc priest
              (9 damage)
             ... on level 4 of the Dungeon.
             The game lasted 00:10:13 (3796 turns).

pokeman the Thaumaturge (Deep Elf Hedge Wizard)     Turns: 3796, Time: 00:10:13

Health: -5/40      AC:  8    Str:  7    XL:     7   Next: 26%
Magic:  17/20      EV: 12    Int: 21    God:
Gold:   199        SH:  0    Dex: 14    Spells: 14/22 levels left

rFire   . . .        n - +1 sling (freeze)
rCold   . . .        (no shield)
rNeg    . . .        y - +2 leather armour {rPois}
rPois   +            q - +0 helmet
rElec   .            (no cloak)
rCorr   .            f - +0 pair of gloves
SInv    +            i - +0 pair of boots
Will    .....        (no amulet)
Stlth   ++           l - ring of see invisible
HPRegen 0.26/turn    w - ring of poison resistance
MPRegen 0.17/turn

%: no passive effects
@: no status effects
A: no striking features
a: no special abilities


You were on level 4 of the Dungeon.
You visited 1 branch of the dungeon, and saw 4 of its levels.
You also visited: Sewer.

You collected 199 gold pieces.

Inventory:

Hand Weapons
 n - a +1 sling of freezing (weapon)
Armour
 f - a +0 pair of gloves (worn)
 i - a +0 pair of boots (worn)
 q - a +0 helmet (worn)
 y - a +2 leather armour of poison resistance (worn)
Jewellery
 l - a ring of see invisible (left hand)
 w - a ring of poison resistance (right hand)
Scrolls
 a - 4 scrolls of identify {unknown}
 g - a scroll of poison {unknown}
 j - 4 scrolls of teleportation {unknown}
 o - a scroll of noise {unknown}
 r - a scroll of revelation {unknown}
 s - a scroll of summoning {unknown}
 t - 2 scrolls of enchant weapon {unknown}
 x - a scroll of enchant armour {unknown}
Potions
 c - a potion of mutation {unknown}
 d - a potion of magic
 e - a potion of ambrosia {unknown}
 h - a potion of degeneration {unknown}
 k - a potion of might {unknown}
 m - a potion of attraction {unknown}
 p - 3 potions of haste {unknown}
 u - 2 potions of berserk rage {unknown}
 v - a potion of cancellation {unknown}


   Skills:
 - Level 2.0 Fighting
 + Level 1.5 Armour
 - Level 3.0 Dodging
 - Level 3.0 Stealth
 * Level 8.2 Spellcasting
 + Level 4.1 Conjurations
 - Level 1.1 Summonings
 - Level 1.1 Translocations
 - Level 1.0 Air Magic
 - Level 1.0 Alchemy


You had 14 spell levels left.
You knew the following spells:

 Your Spells              Type           Power      Damage    Failure   Level
a - Magic Dart            Conj           100%       1d8       2%          1
b - Mephitic Cloud        Conj/Alch/Air  17%        N/A       14%         3
c - Call Imp              Summ           26%        N/A       11%         2
d - Blink                 Tloc           26%        N/A       11%         2

Your spell library contained the following spells:

 Spells                   Type           Power      Damage    Failure   Level
 Slow                     Hex            32%        N/A       12%         1
 Cigotuvi's Dreadful Rot  Necr/Alch/Air  22%        N/A       13%         2
 Confusing Touch          Hex            8%         N/A       34%         3
 Sigil of Binding         Hex            8%         N/A       34%         3
 Vampiric Draining        Necr           8%         2d6       34%         3


Dungeon Overview and Level Annotations

Branches:
Dungeon (4/15)              Sewer (visited)
 Temple: D:4-7

Altars:


Message History

The black bear is severely wounded.
The black bear is engulfed in noxious fumes.
The black bear appears confused.
The scorpion seems to be having trouble coordinating all eight of its legs.
The black bear is engulfed in noxious fumes.
The black bear appears confused.
Fire: n) +1 sling (freeze)
Press: ? - help, Q - select action, (/) - cycle Shift-Dir - straight line, f/p - black bear
Aim: a black bear (severely wounded, confused, 81% to hit)
You shoot a sling bullet.
The sling bullet completely misses the black bear.
The black bear bites you.
The black bear claws you but does no damage.
The black bear barely misses you.
An orc priest comes into view. It is wielding a +0 flail.
Fire: n) +1 sling (freeze)
Press: ? - help, Q - select action, (/) - cycle Shift-Dir - straight line, f/p - black bear
Aim: a black bear (severely wounded, confused, 81% to hit)
You shoot a sling bullet.
The sling bullet barely misses the black bear.
The scorpion is engulfed in noxious fumes.
The scorpion appears confused.
The black bear bites you but does no damage.
The black bear claws you but does no damage. x2
The black bear bites itself.
The black bear claws itself. x2
The orc priest calls down the wrath of Beogh upon you.
Beogh smites you!
* * * LOW HITPOINT WARNING * * *
The scorpion is engulfed in noxious fumes.
The scorpion appears confused.
The scorpion is engulfed in noxious fumes.
The scorpion appears confused.
The black bear misses you. The black bear barely misses you.
The black bear claws you but does no damage.
The black bear barely misses itself.
The black bear claws itself but does no damage.
The black bear claws itself.
The orc priest mumbles some strange prayers to Beogh against you.
Beogh smites you!
You die...

## . . .##.
###### ... #....#
#.. #....#
#..##....#
####.)s°○...#
#.o...☼☼.h..##
......°#☼@...##
.......#####..#
#...... ##.#
####### ####.##
#.## #.....# #.
#..# #....)# # #
#######.###.....#
#
................#
#
#######.........#
# ###.......# #


You could see a black bear (confused), a scorpion (confused) and an orc priest.

Vanquished Creatures
  A crocodile (Sewer)
  An ogre (D:4)
  2 scorpions (D:4)
  2 orc priests
  A hound (D:4)
  An iguana (D:4)
  An orc wizard (D:3)
  7 gnolls
  5 adders (D:2)
  A river rat (D:4)
  2 dart slugs
  6 orcs
  5 bats
  8 endoplasms
  5 giant cockroaches
  7 goblins
  2 hobgoblins
  4 jackals (Sewer)
  6 kobolds
  5 quokkas
  6 ball pythons
  2 frilled lizards
  3 rats
83 creatures vanquished.

Vanquished Creatures (others)
  A hound (D:4)
1 creature vanquished.

Grand Total: 84 creatures vanquished

Notes
Turn   | Place    | Note
-------+----------+-------------------------------------------
     0 | D:1      | pokeman the Deep Elf Hedge Wizard began the quest for the
                  | Orb.
     0 | D:1      | Reached XP level 1. HP: 10/10 MP: 7/7
   324 | D:1      | Reached XP level 2. HP: 16/16 MP: 6/9
   707 | D:1      | Reached skill level 5 in Spellcasting
  1108 | D:2      | Reached XP level 3. HP: 20/20 MP: 7/11
  1115 | D:2      | Learned a level 3 spell: Mephitic Cloud
  1118 | D:2      | Learned a level 2 spell: Call Imp
  1121 | D:2      | Learned a level 2 spell: Blink
  1367 | D:2      | Reached skill level 1 in Fighting
  1367 | D:2      | Reached skill level 1 in Armour
  1478 | D:2      | Reached XP level 4. HP: 21/25 MP: 5/13
  2399 | D:3      | Reached skill level 6 in Spellcasting
  2399 | D:3      | Reached XP level 5. HP: 29/29 MP: 11/15
  2875 | D:3      | Reached skill level 1 in Air Magic
  3006 | D:3      | Reached skill level 1 in Alchemy
  3367 | D:4      | Reached XP level 6. HP: 34/34 MP: 13/17
  3375 | D:4      | Reached skill level 7 in Spellcasting
  3438 | D:4      | Reached XP level 7. HP: 39/40 MP: 18/20
  3449 | D:4      | Found a glowing drain.
  3453 | Sewer    | Entered a sewer
  3607 | Sewer    | Reached skill level 8 in Spellcasting
  3796 | D:4      | Killed from afar by an orc priest

Illustrated notes

Levels and vault maps discovered:
D:1:      heliophobic_arrival_glass_houses, layout_rooms
D:2:      layout_loops_corners
D:3:      layout_basic
D:4:      layout_basic, chequers_temple_overflow_statue_of_worship,
          serial_shops, nicolae_shop_hallway_plus,
          mainiacjoe_sewer_entry_somewhere_in_here_1

Skill      XL: |  1  2  3  4  5  6  7 |
---------------+----------------------+-----
Spellcasting   | 5 6 7 8 |  8.2
Fighting       | 1 2 |  2.0
Armour         | 1 |  1.5
Conjurations   | 2 3 4 |  4.1
Stealth        | 3 |  3.0
Dodging        | 3 |  3.0
Air Magic      | 1 |  1.0
Alchemy        | 1 |  1.0
Summonings     | |  1.1
Translocations | |  1.1

Action                     |  1- 3 |  4- 6 |  7- 9 || total
---------------------------+-------+-------+-------++-------
  Melee: Short sword       |     7 |     6 |       ||    13
   Fire: Sling             |       |    92 |    43 ||   135
   Cast: Magic Dart        |    82 |    21 |    18 ||   121
         Mephitic Cloud    |     2 |     6 |     3 ||    11
   Stab: Confused          |       |     1 |       ||     1
 Armour: Robe              |     6 |    11 |     4 ||    21
         Leather armour    |       |       |    15 ||    15
  Dodge: Dodged            |     4 |    17 |    19 ||    40

Table legend: (Time is in decaauts)
 A = Elapsed time spent in this place.
 B = Non-inter-level travel time spent in this place.
 C = Inter-level travel time spent in this place.
 D = Time resting spent in this place.
 E = Time spent auto-exploring this place.
 F = Levels seen in this place.
 G = Mean time per level.
                   A        B        C        D        E       F      G
               +--------+--------+--------+--------+--------+-----+--------+
         Total |   3859 |   3786 |     73 |      0 |   3121 |   5 |  771.8 |
       Dungeon |   3634 |   3561 |     73 |      0 |   2975 |   4 |  908.5 |
         Sewer |    225 |    225 |      0 |      0 |    145 |   1 |  225.0 |
               +--------+--------+--------+--------+--------+-----+--------+

Top non-repeatable levels by time:
     D:2: 1203 daAuts
     D:1: 1080 daAuts
     D:3: 1040 daAuts
     D:4: 309 daAuts
   Sewer: 225 daAuts
